AoeStats
← Muertofu

Arena

507085296Analyzed
3v3 RM · 16d ago on Sep 16, 2026· 34m 30s· 6 players
Game mode
Random Map
Map size
Normal (6 player)
Population
200
Speed
Normal
Resources
Standard
Victory
Conquest
Starting age
Dark Age
Ending age
Imperial Age
RankedLock teamsTeams togetherTeam positionsShared explorationLock speedFull tech treeHidden civsTurbo modeCheats
Victory
Defeat
🇵🇪 Hindustanis · Peru
1016
+17
🇲🇿 Bohemians · Mozambique
1015
+17
🇨🇾 Italians · Cyprus
1013
+17
🇨🇱 Persians · Chile
1086
-19
🇨🇱 Celts · Chile
1021
-16
🇨🇱 Italians · Chile
1012
-16
fuita
0:29 Loom
11:22 Feudal Age
14:17 Wheelbarrow
16:29 Castle Age
14:16 Horse Collar
14:29 Gold Mining
14:32 Double-Bit Axe
27:29 Imperial Age
26:12 Heavy Plow
26:25 Bow Saw
28:23 Hand Cart
27:53 Town Watch
30:06 Ballistics
30:49 Chemistry
29:52 Fletching
30:03 Padded Archer Armor
31:26 Ballistics
32:38 Crop Rotation
32:44 Bodkin Arrow
33:04 Leather Archer Armor
34:10 Bracer
lu23
4:29 Loom
13:35 Feudal Age
15:10 Double-Bit Axe
17:35 Castle Age
16:31 Horse Collar
17:16 Town Watch
18:57 Bow Saw
20:09 Wheelbarrow
21:56 Gold Mining
25:01 Loom
26:52 Stone Mining
31:37 Imperial Age
31:18 Murder Holes
32:04 Heavy Plow
32:44 Gold Shaft Mining
33:20 Two-Man Saw
32:33 Husbandry
32:44 Bloodlines
32:49 Forging
32:45 Scale Barding Armor
34:17 Chemistry
33:46 Hand Cart
34:08 Conscription
33:56 Fletching
35:11 Chain Barding Armor
CalvaroLDS
10:45 Feudal Age
15:03 Castle Age
12:52 Loom
13:56 Double-Bit Axe
23:52 Wheelbarrow
23:30 Fletching
31:17 Bodkin Arrow
32:47 Murder Holes
misig
10:59 Feudal Age
15:04 Castle Age
12:55 Double-Bit Axe
13:25 Horse Collar
13:34 Loom
15:58 Bow Saw
18:28 Loom
19:14 Fletching
22:42 Stone Mining
22:42 Gold Mining
26:01 Bodkin Arrow
26:59 Bloodlines
26:49 Husbandry
Muertofu
11:34 Feudal Age
15:32 Castle Age
13:19 Loom
14:22 Double-Bit Axe
14:22 Horse Collar
14:39 Man-at-Arms
18:45 Long Swordsman
25:44 Gold Mining
25:44 Stone Mining
26:06 Bow Saw
30:13 Forging
30:45 Husbandry
32:03 Heavy Plow
Bastapiaux
10:41 Loom
12:27 Feudal Age
17:29 Castle Age
15:38 Double-Bit Axe
15:57 Stone Mining
17:08 Gold Mining
18:29 Bow Saw
20:23 Fletching
20:38 Padded Archer Armor
23:03 Bodkin Arrow
26:11 Wheelbarrow
33:50 Imperial Age
33:44 Crossbowman
Connection lost

Rejoining the realm…

Still unreachable

The connection could not be restored.

Session expired

The server has moved on; the page needs a fresh start.